 Dungeon Crawl Stone Soup version 0.25.0-37-gb73750e0fb (webtiles) character file.

Game seed: 3072249124075051069

207036 xccam the Impassioned (level 18, -11/124 HPs)
             Began as an Octopode Assassin on July 8, 2020.
             Was a Follower of Uskayaw.
             Collided with a rock wall (12 damage)
             ... caused by a nagaraja
             ... on level 4 of the Snake Pit on July 9, 2020.
             The game lasted 01:32:15 (46464 turns).

xccam the Impassioned (Octopode Assassin)          Turns: 46464, Time: 01:32:18

Health: -11/124    AC: 11    Str: 12    XL:     18   Next: 74%
Magic:  0/30       EV: 24    Int: 16    God:    Uskayaw [*.....]
Gold:   1332       SH: 16    Dex: 19    Spells: 16/25 levels left

rFire    + + .     SeeInvis .   O - +7 dagger (elec)
rCold    + + .     Gourm    .   K - +3 kite shield {rF+}
rNeg     + + +     Faith    .   E - -2 hat of the Alchemist {rElec rPois rF+ rC+ rN+ MR+ rMut rCorr}
rPois    +         Spirit   +   j - amulet of guardian spirit
rElec    +         Reflect  .   q - ring of protection from fire
rCorr    +         Harm     .   D - ring "Bintuph" {rPois rF- rN+++ rCorr Int+2}
rMut     +                      P - ring of Robustness {AC+8}
MR       ++...                  T - +4 ring of protection
Stlth    ++++++....             n - ring "Pafil" {Wiz rElec}
HPRegen  0.30/turn              Y - ring of ice
MPRegen  0.22/turn              L - ring of fire
                                W - ring of protection from cold

@: no status effects
A: almost no armour, stealthy swim, amphibious, 8 rings, constrict 8, camouflage
1, gelatinous body 1
}: 1/15 runes: decaying
a: Stomp, Renounce Religion


You were on level 4 of the Snake Pit.
You worshipped Uskayaw.
Uskayaw was most pleased with you.
You were not hungry.

You visited 8 branches of the dungeon, and saw 34 of its levels.
You also visited: Gauntlet and Volcano.

You collected 3215 gold pieces.
You spent 1883 gold pieces at shops.

Inventory:

Hand Weapons
 O - a +7 dagger of electrocution (weapon)
 V - a +2 vorpal rapier
Missiles
 b - 86 poisoned darts
 c - 6 curare-tipped darts
 y - 7 atropa-tipped darts (quivered)
Armour
 E - the -2 hat of the Alchemist (worn) {rElec rPois rF+ rC+ rN+ MR+ rMut rCorr}
   (You acquired it on level 2 of the Swamp)

   It protects you from fire.
   It protects you from cold.
   It insulates you from electricity.
   It protects you from poison.
   It protects you from negative energy.
   It affects your resistance to hostile enchantments.
   It provides partial protection from all sources of acid and corrosion.
   It protects you from mutation.
 K - a +3 kite shield of fire resistance (worn)
Jewellery
 j - an amulet of guardian spirit (around mantle)
 k - the amulet of Balance {Faith rElec rC+ MR- Stlth+}
   (You found it in a Gauntlet)

   [amulet of faith]

   It allows you to gain divine favour quickly.
   It protects you from cold.
   It insulates you from electricity.
   It affects your resistance to hostile enchantments.
   It makes you more stealthy.
 n - the ring "Pafil" (on tentacle) {Wiz rElec}
   (You acquired it on level 3 of the Swamp)

   [ring of wizardry]

   It improves your spell success rate.
   It insulates you from electricity.
 q - a ring of protection from fire (left tentacle)
 x - a +6 ring of dexterity
 D - the ring "Bintuph" (right tentacle) {rPois rF- rN+++ rCorr Int+2}
   (You found it on level 8 of the Dungeon)

   [ring of resist corrosion]

   It affects your intelligence (+2).
   It makes you vulnerable to fire.
   It protects you from poison.
   It renders you almost immune to negative energy.
   It provides partial protection from all sources of acid and corrosion.
 L - a ring of fire (on tentacle)
 P - the ring of Robustness (on tentacle) {AC+8}
   (You found it on level 2 of the Lair of Beasts)

   [ring of protection]

   It affects your AC (+8).
 T - a +4 ring of protection (on tentacle)
 W - a ring of protection from cold (on tentacle)
 Y - a ring of ice (on tentacle)
Wands
 p - a wand of acid (14)
 G - a wand of digging (11)
 I - a wand of iceblast (23)
 S - a wand of paralysis (10)
 X - a wand of clouds (12)
Scrolls
 f - 13 scrolls of remove curse
 m - a scroll of silence
 o - 3 scrolls of blinking
 r - 3 scrolls of magic mapping
 t - 4 scrolls of immolation
 w - 10 scrolls of teleportation
 z - 3 scrolls of fog
 C - a scroll of acquirement
 H - a scroll of enchant weapon
 J - 4 scrolls of identify
 M - 2 scrolls of enchant armour
 U - a scroll of brand weapon
 Z - 2 scrolls of amnesia
Potions
 a - 2 potions of invisibility
 e - 6 potions of curing
 g - a potion of might
 h - 8 potions of stabbing
 i - 2 potions of brilliance
 s - 3 potions of ambrosia
 u - 6 potions of mutation
 v - 3 potions of lignification
 A - 3 potions of heal wounds
 B - 4 potions of resistance
 F - 2 potions of magic
 N - 3 potions of cancellation
 Q - a potion of flight
 R - 2 potions of berserk rage
Comestibles
 d - 62 rations
 l - 3 chunks of flesh


   Skills:
 - Level 11.6 Fighting
 - Level 11.3 Short Blades
 - Level 4.7 Throwing
 - Level 13.1 Dodging
 - Level 12.0 Stealth
 - Level 15.0 Shields
 - Level 4.0 Spellcasting
 * Level 9.7 Hexes
 + Level 17.2 Invocations
 - Level 5.0 Evocations


You had 16 spell levels left.
You knew the following spells:

 Your Spells              Type           Power        Failure   Level  Hunger
a - Confusing Touch       Hex            ####....     1%          3    ###....
b - Invisibility          Hex            ####....     19%         6    #######

Your spell library contained the following spells:

 Spells                   Type           Power        Failure   Level  Hunger
 Corona                   Hex            ####...      1%          1    None
 Tukima's Dance           Hex            ####....     1%          3    ###....
 Inner Flame              Hex/Fire       ####....     2%          3    ###....
 Spectral Weapon          Hex/Chrm       ###.....     2%          3    ###....
 Animate Skeleton         Necr           N/A          7%          1    None
 Apportation              Tloc           #.....       7%          1    None
 Foxfire                  Conj/Fire      #...         7%          1    None
 Infusion                 Chrm           #...         7%          1    None
 Sting                    Tmut/Pois      #...         7%          1    None
 Summon Butterflies       Summ           #.......     7%          1    None
 Summon Small Mammal      Summ           #...         7%          1    None
 Corpse Rot               Necr/Air       N/A          11%         2    ##.....
 Poisonous Vapours        Pois/Air       #.....       11%         2    ##.....
 Shroud of Golubria       Chrm/Tloc      #.....       11%         2    ##.....
 Song of Slaying          Chrm           #.......     11%         2    ##.....
 Sublimation of Blood     Necr           #.........   11%         2    ##.....
 Conjure Flame            Conj/Fire      #.......     21%         3    ###....
 Gell's Gravitas          Tloc           #.........   21%         3    ###....
 Ignite Poison            Fire/Tmut/Pois #.......     21%         3    ###....
 Lesser Beckoning         Tloc           #.........   21%         3    ###....
 Mephitic Cloud           Conj/Pois/Air  #.......     21%         3    ###....
 Ozocubu's Armour         Chrm/Ice       #.......     21%         3    ###....
 Recall                   Summ/Tloc      N/A          21%         3    ###....
 Stone Arrow              Conj/Erth      #.....       21%         3    ###....
 Metabolic Englaciation   Hex/Ice        ####......   26%         5    ######.
 Yara's Violent Unravell  Hex/Tmut       ###.......   26%         5    ######.
 Animate Dead             Necr           N/A          52%         4    ####...
 Dispel Undead            Necr           #.......     52%         4    ####...
 Olgreb's Toxic Radiance  Pois           #.......     52%         4    ####...
 Petrify                  Tmut/Erth      #.......     52%         4    ####...
 Sticky Flame             Conj/Fire      #.......     52%         4    ####...
 Agony                    Necr           #.......     86%         5    ######.
 Alistair's Intoxication  Tmut/Pois      #.......     86%         5    ######.
 Borgnjor's Vile Clutch   Necr/Erth      #.........   86%         5    ######.
 Excruciating Wounds      Chrm/Necr      #.........   86%         5    ######.
 Fireball                 Conj/Fire      #.........   86%         5    ######.
 Summon Forest            Summ/Tloc      #.........   86%         5    ######.
 Death Channel            Necr           #.........   100%        6    #######
 Eringya's Noxious Bog    Tmut/Pois      #.........   100%        6    #######
 Hydra Form               Tmut           #.........   100%        6    #######
 Simulacrum               Ice/Necr       #.........   100%        6    #######
 Summon Hydra             Summ           #.........   100%        7    #######


Dungeon Overview and Level Annotations

Branches:
Dungeon (15/15)            Temple (1/1) D:6            Lair (6/6) D:10
  Swamp (4/4) Lair:4        Snake (4/4) Lair:3        Slime (1/5) Lair:5
    Orc (2/2) D:11            Elf (0/3) Orc:2        Vaults (0/5) D:13
 Depths (1/5) D:15        Volcano (visited)         Gauntlet (visited)

Altars:
Ashenzari
Dithmenos
Elyvilon
Fedhas
Makhleb
Nemelex Xobeh
Qazlal
Sif Muna
Trog
Uskayaw
Wu Jian
Xom
Yredelemnul
Zin
The Shining One
Jiyva

Shops:
D:5 !   D:7 [!!   D:8 *   D:10 ?   D:11 !   D:12 :   Orc:1 :   Orc:2 [*([:


Innate Abilities, Weirdness & Mutations

You cannot wear most types of armour.
You are very stealthy in the water. (Stealth+)
You are amphibious.
You can wear up to eight rings at the same time.
You can use your tentacles to constrict eight enemies at once.
Your skin changes colour to match your surroundings (Stealth+).
Your rubbery body absorbs attacks. (AC +1, EV +1)


Message History

The naga sharpshooter magically shoots an arrow.
The arrow hits you!
* * * LOW HITPOINT WARNING * * *
You see here 2 arrows.
The nagaraja spits poison at you. The splash of poison misses you.
The naga sharpshooter gestures wildly while chanting.
The naga sharpshooter magically shoots an arrow.
The arrow hits you.
* * * LOW HITPOINT WARNING * * *
You see here an arrow.
You can no longer pass through a line of other dancers.
The nagaraja spits poison at you. The splash of poison misses you.
The nagaraja casts a spell at you. The lance of force hits you!!!
* * * LOW HITPOINT WARNING * * *
You are knocked back by the lance of force.
You slam into the rock wall!
You die...

#.(...# ##..##......
###(..# ##..##......
#N..## #..##.......
#N...# #..##.......
#.#### ##..##.......
#....###..##........
##....######........
#...## #.#..##... #.@.#
#.#..##... #..##
#.#..##...
#..##..###....##...
###.#....##....###..#
##..#.....##..#.##...#
##...#....###..#.##...#
#....#....# #..#.##...#
##....#....#
#..#.##...#
#.....#.†.##
#.#..##..##


You could see a nagaraja (fast, catching breath) and a naga mage (fast).

Vanquished Creatures
  Bai Suzhen (Swamp:4)
  Jorgrun (Swamp:3)
  Roxanne (D:15)
  2 nagarajas (Snake:4)
  An orc warlord (Orc:2)
  Aizul (Snake:2)
  5 very ugly things (Swamp:4)
  A stone giant (Depths:1)
  A minotaur (Gauntlet)
  Snorg (Lair:3)
  A dire elephant (Lair:6)
  2 green deaths (Swamp:4)
  2 fire dragons
  2 death oozes (Swamp:4)
  19 hydras
  The ghost of funkygono the Destroyer, a journeyman DrCj of Sif Muna (D:14)
  8 naga warriors
  A hell beast (Swamp:4)
  A death knight (D:10)
  3 vault guards (D:13)
  3 ghost crabs
  A catoblepas (Lair:6)
  7 anacondas
  A shambling mangrove (Swamp:3)
  5 centaur warriors
  A tengu warrior (D:14)
  7 two-headed ogres
  11 alligators
  A death yak (Lair:6)
  3 orc high priests (Orc:2)
  Sonja (Lair:2)
  Urug (D:13)
  5 spriggans
  2 shock serpents (Snake:4)
  3 naga sharpshooters (Snake:3)
  3 salamander mystics (Snake:2)
  2 unseen horrors
  4 wizards
  5 naga ritualists (Snake:4)
  3 spriggan druids
  9 swamp dragons
  Pikel (D:8)
  The ghost of harkrass the Slasher, a novice MiFi of Gozag (D:8)
  2 phantasmal warriors (D:14)
  A necromancer (D:15)
  6 orc knights
  11 mana vipers
  3 deep elf magi
  13 salamanders
  2 manticores (D:15)
  A salamander (shapeshifter) (D:15)
  5 orc sorcerers
  3 cyclopes
  14 ugly things
  25 black mambas
  9 naga magi
  A torpor snail (Lair:6)
  Joseph (D:8)
  2 orange demons (Swamp:4)
  A gargoyle (D:11)
  Psyche (D:8)
  6 kobold demonologists
  26 spiny frogs
  3 rime drakes
  A yaktaur (D:13)
  An efreet (D:15)
  6 komodo dragons
  10 trolls
  6 meliai
  2 wolf spider simulacra (D:15)
  2 queen bees
  A polar bear (Lair:6)
  11 tyrant leeches
  33 blink frogs
  10 bog bodies
  Prince Ribbit (D:8)
  7 hornets
  30 slime creatures
  4 dream sheep (Lair:6)
  Grinder (D:6)
  10 hippogriffs
  A centaur simulacrum (D:15)
  5 shadows
  A wraith (D:11)
  6 wyverns
  A vampire (D:14)
  2 humans (D:13)
  51 yaks
  8 fire bats (Volcano)
  6 basilisks
  3 hungry ghosts
  4 steam dragons
  A soldier ant (D:13)
  Menkaure (D:7)
  16 nagas
  16 vampire mosquitoes
  24 insubstantial wisps
  16 swamp worms
  6 wargs
  4 acid dragons
  10 water moccasins
  6 porcupines
  5 ice beasts
  2 slaves (D:8)
  10 swamp drakes
  18 orc warriors
  2 sky beasts
  15 ogres
  A black bear (D:8)
  A phantom (D:14)
  A necrophage (D:6)
  12 centaurs
  27 wolves
  19 crocodiles
  5 big kobolds
  31 bullfrogs
  4 scorpions
  5 small abominations
  36 killer bees
  12 wights
  2 electric eels
  7 howler monkeys
  5 crimson imps
  4 bullfrog zombies
  5 centaur zombies
  A quasit (D:6)
  2 bullfrog skeletons
  6 hounds
  7 orc priests
  5 centaur skeletons
  7 jellies
  Natasha (thrice) (D:2)
  2 iguanas
  11 orc wizards
  9 worker ants
  A hound skeleton (D:7)
  4 gnolls (D:7)
  13 adders
  3 shadow imps
  An ooze (D:3)
  3 adder skeletons
  2 adder zombies
  3 worms
  3 dart slugs
  5 leopard geckos
  47 orcs
  6 giant cockroaches
  10 goblins
  9 hobgoblins
  4 jackals (D:9)
  5 quokkas
  2 ball pythons (D:4)
  4 bats
  5 frilled lizards
  2 jackal skeletons
  A jackal zombie (D:6)
  19 kobolds
  A leopard gecko skeleton (D:5)
  A quokka skeleton (D:8)
  8 rats
  A plant (Lair:6)
1040 creatures vanquished.

Vanquished Creatures (others)
  A slave (D:8)
  An orc (Orc:1)
  22 demonic plants (Gauntlet)
  47 fungi
  117 plants
  4 toadstools (D:1)
192 creatures vanquished.

Grand Total: 1232 creatures vanquished

Notes
Turn   | Place    | Note
-------+----------+-------------------------------------------
     0 | D:1      | xccam the Octopode Assassin began the quest for the Orb.
     0 | D:1      | Reached XP level 1. HP: 14/14 MP: 1/1
   431 | D:1      | Reached XP level 2. HP: 19/19 MP: 2/2
  1211 | D:2      | Reached XP level 3. HP: 24/24 MP: 3/3
  1261 | D:2      | Noticed Natasha
  1268 | D:2      | Killed Natasha
  1449 | D:2      | Reached XP level 4. HP: 29/29 MP: 4/4
  1655 | D:2      | Noticed Natasha
  1768 | D:2      | Killed Natasha
  1809 | D:2      | Noticed Natasha
  1818 | D:2      | Killed Natasha
  1818 | D:2      | Reached skill level 5 in Short Blades
  1818 | D:2      | Reached XP level 5. HP: 15/34 MP: 5/5
  2512 | D:3      | Found a glowing golden altar of the Shining One.
  3241 | D:4      | Reached skill level 1 in Shields
  3241 | D:4      | Reached XP level 6. HP: 32/39 MP: 6/6
  3610 | D:4      | Reached XP level 7. HP: 45/45 MP: 7/7
  3880 | D:5      | Entered Level 5 of the Dungeon
  3966 | D:5      | Found Tuerigg's Distillery.
  3971 | D:5      | Bought a potion of curing for 36 gold pieces
  3971 | D:5      | Bought a potion of heal wounds for 60 gold pieces
  5090 | D:6      | Noticed Grinder
  5098 | D:6      | Paralysed by Grinder for 4 turns
  5112 | D:6      | Killed Grinder
  5112 | D:6      | Reached XP level 8. HP: 28/50 MP: 8/8
  5450 | D:6      | Found a staircase to the Ecumenical Temple.
  5475 | D:6      | Reached skill level 5 in Shields
  5488 | Temple   | Entered the Ecumenical Temple
  5496 | Temple   | Became a worshipper of Uskayaw the Reveler
  5527 | D:6      | Reached * piety under Uskayaw
  5560 | D:6      | Reached ** piety under Uskayaw
  5576 | D:6      | Reached *** piety under Uskayaw
  5800 | D:6      | Reached skill level 5 in Dodging
  5907 | D:6      | Reached skill level 1 in Invocations
  6153 | D:7      | Found Gokil's Armour Boutique.
  6176 | D:7      | Reached **** piety under Uskayaw
  6319 | D:7      | Reached skill level 2 in Invocations
  6421 | D:7      | Found Did Fys's Distillery.
  6424 | D:7      | Bought a potion of might for 44 gold pieces
  6424 | D:7      | Bought a potion of curing for 33 gold pieces
  6486 | D:7      | Found Ymullev's Distillery.
  6491 | D:7      | Bought 2 potions of curing for 72 gold pieces
  6491 | D:7      | Bought a potion of invisibility for 96 gold pieces
  6569 | D:7      | Reached XP level 9. HP: 39/57 MP: 10/10
  7026 | D:7      | Noticed Menkaure
  7049 | D:7      | Killed Menkaure
  7049 | D:7      | Reached skill level 3 in Invocations
  7254 | D:8      | Got a wavering marble ring
  7255 | D:8      | Identified the ring "Bintuph" {rPois rF- rN+++ rCorr Int+2}
                  | (You found it on level 8 of the Dungeon)
  7290 | D:8      | Noticed Prince Ribbit
  7293 | D:8      | Killed Prince Ribbit
  7300 | D:8      | Noticed a two-headed ogre
  7311 | D:8      | Killed a two-headed ogre
  7311 | D:8      | Reached skill level 5 in Invocations
  7545 | D:8      | Noticed Psyche
  7559 | D:8      | Killed Psyche
  7559 | D:8      | Reached skill level 6 in Invocations
  7872 | D:8      | Reached XP level 10. HP: 63/63 MP: 15/15
  7885 | D:8      | Reached skill level 7 in Invocations
  8222 | D:8      | Found a runed translucent gate.
  8222 | D:8      | Found a runed translucent gate.
  8222 | D:8      | Found a runed translucent gate.
  8222 | D:8      | Noticed harkrass's ghost (novice MiFi)
  8222 | D:8      | Noticed a nine-headed hydra
  8233 | D:8      | Noticed Pikel
  8273 | D:8      | Killed Pikel
  8580 | D:8      | Noticed Joseph
  8581 | D:8      | Found Vufappij's Changing Room.
  8594 | D:8      | Killed Joseph
  8594 | D:8      | Reached skill level 8 in Invocations
  9143 | D:8      | Killed harkrass's ghost
  9156 | D:8      | Killed a nine-headed hydra
  9156 | D:8      | Reached skill level 9 in Invocations
  9211 | D:9      | Noticed a two-headed ogre
  9217 | D:9      | Killed a two-headed ogre
  9217 | D:9      | Reached skill level 10 in Short Blades
  9225 | D:9      | Reached skill level 10 in Invocations
  9406 | D:9      | Reached XP level 11. HP: 69/69 MP: 18/18
 10511 | D:10     | Entered Level 10 of the Dungeon
 10533 | D:10     | Found a staircase to the Lair.
 10573 | D:10     | Reached ***** piety under Uskayaw
 11116 | D:10     | Noticed a cyclops
 11121 | D:10     | Noticed a green ugly thing
 11122 | D:10     | Killed a cyclops
 11122 | D:10     | Reached skill level 11 in Invocations
 11125 | D:10     | Noticed a centaur warrior
 11126 | D:10     | Killed a green ugly thing
 11166 | D:10     | Noticed a death knight
 11170 | D:10     | Killed a centaur warrior
 11179 | D:10     | Killed a death knight
 11179 | D:10     | Reached skill level 10 in Stealth
 11497 | D:10     | Found Bipt's Magic Scroll Shop.
 11503 | D:10     | Bought a scroll of fear for 49 gold pieces
 11503 | D:10     | Bought a scroll of enchant weapon for 105 gold pieces
 11503 | D:10     | Bought a scroll of identify for 28 gold pieces
 11503 | D:10     | Bought a scroll of teleportation for 42 gold pieces
 12197 | Lair:1   | Entered Level 1 of the Lair of Beasts
 12474 | D:11     | Found Faos's Distillery.
 12485 | D:11     | Found a bloodstained altar of Trog.
 12674 | D:11     | Found a staircase to the Orcish Mines.
 13096 | D:11     | Noticed a white ugly thing
 13102 | D:11     | Killed a white ugly thing
 13102 | D:11     | Reached skill level 12 in Invocations
 13366 | D:12     | Found Hori's Book Shoppe.
 13381 | D:12     | HP: 1/69 [something (9)]
 13642 | D:12     | Reached XP level 12. HP: 74/74 MP: 21/21
 14615 | D:12     | Reached skill level 5 in Fighting
 15256 | Lair:1   | You fall into a shaft and drop 1 floor!
 15340 | Lair:2   | Found the +10 zealot's sword {holy, *Rage rN+ EV+3}
 15358 | Lair:2   | Noticed Sonja
 15370 | Lair:2   | Killed Sonja
 15469 | Lair:2   | Found the ring of Robustness {AC+8}
 15512 | Lair:2   | Noticed a seven-headed hydra
 15525 | Lair:2   | Killed a seven-headed hydra
 15899 | Lair:2   | Found a burning altar of Makhleb.
 15945 | Lair:2   | Reached skill level 13 in Invocations
 15967 | Lair:2   | Reached ****** piety under Uskayaw
 16998 | Lair:3   | Reached XP level 13. HP: 68/86 MP: 19/23
 17165 | Lair:3   | Found a staircase to the Snake Pit.
 17613 | Lair:3   | Noticed Snorg
 17666 | Lair:3   | Killed Snorg
 18620 | Lair:4   | Found a staircase to the Swamp.
 18724 | Lair:4   | Reached skill level 14 in Invocations
 18789 | Lair:4   | Reached skill level 10 in Dodging
 18801 | Lair:4   | Found a gate leading to a gauntlet.
 18809 | Gauntlet | Entered a Gauntlet
 18809 | Gauntlet | Found a transporter.
 18809 | Gauntlet | Found a transporter.
 18810 | Gauntlet | Found a transporter.
 18832 | Gauntlet | Found a transporter.
 18840 | Gauntlet | Found a transporter.
 18843 | Gauntlet | Found a transporter.
 18855 | Gauntlet | Found a transporter.
 18872 | Gauntlet | Found a transporter.
 18875 | Gauntlet | Found a transporter.
 18878 | Gauntlet | Found a transporter.
 18886 | Gauntlet | Found a transporter.
 18889 | Gauntlet | Found a transporter.
 19086 | Gauntlet | Got a transparent iron amulet
 19088 | Gauntlet | Identified the amulet of Balance {Faith rElec rC+ MR-
                  | Stlth+} (You found it in a Gauntlet)
 19094 | Gauntlet | Noticed a minotaur
 19109 | Gauntlet | Killed a minotaur
 19967 | Lair:4   | You fall into a shaft and drop 1 floor!
 19969 | Lair:5   | Found a staircase to the Slime Pits.
 20590 | Lair:5   | Found a viscous altar of Jiyva.
 21017 | Lair:4   | Reached skill level 1 in Evocations
 21367 | Lair:6   | Entered Level 6 of the Lair of Beasts
 21448 | Lair:6   | Reached XP level 14. HP: 97/97 MP: 24/24
 23605 | Lair:6   | Reached skill level 10 in Fighting
 23698 | Lair:6   | Reached skill level 15 in Invocations
 24534 | Lair:6   | Noticed a dire elephant
 24551 | Lair:6   | Killed a dire elephant
 24551 | Lair:6   | Reached skill level 5 in Evocations
 26894 | Orc:1    | Entered Level 1 of the Orcish Mines
 27407 | Orc:1    | Found Ynek's Book Emporium.
 27432 | Orc:1    | Reached XP level 15. HP: 80/105 MP: 20/26
 27639 | Orc:2    | Entered Level 2 of the Orcish Mines
 27698 | Orc:2    | Found a dark tunnel.
 27712 | Volcano  | Entered a volcano
 29342 | Orc:2    | Found Dehop's Armour Emporium.
 29396 | Orc:2    | Noticed an orc warlord
 29427 | Orc:2    | Found Plog's General Store.
 29428 | Orc:2    | Killed an orc warlord
 29575 | Orc:2    | Bought a potion of heal wounds for 60 gold pieces
 29575 | Orc:2    | Bought a scroll of teleportation for 36 gold pieces
 29612 | Orc:2    | Found Rapol's Antique Weapon Emporium.
 29637 | Orc:2    | Reached skill level 16 in Invocations
 29717 | Orc:2    | Found Xairphae's Book Emporium.
 29851 | Orc:2    | Found a staircase to the Elven Halls.
 30106 | Orc:2    | Found Pofisog's Antique Armour Shop.
 30141 | Orc:2    | Bought a shiny kite shield for 232 gold pieces
 30462 | Orc:2    | Bought a runed rapier for 140 gold pieces
 30463 | Orc:2    | Bought a runed dagger for 100 gold pieces
 31483 | D:13     | Noticed Urug
 31593 | D:13     | Found a gate to the Vaults.
 31606 | D:13     | Killed Urug
 31727 | D:13     | Identified the +5 quarterstaff "Untuewi" {venom, rElec
                  | Dex+5 Stlth+}
 32192 | D:14     | Found a shattered altar of Ashenzari.
 32452 | D:14     | Reached XP level 16. HP: 113/113 MP: 28/28
 32757 | D:14     | Found a runed translucent gate.
 32760 | D:14     | Noticed funkygono's ghost (journeyman DrCj)
 32764 | D:14     | Found a runed translucent gate.
 32764 | D:14     | Found a runed translucent gate.
 32949 | D:14     | Reached skill level 10 in Shields
 33338 | D:14     | Killed funkygono's ghost
 33471 | D:15     | Entered Level 15 of the Dungeon
 33649 | D:15     | Noticed Roxanne
 33669 | D:15     | Killed Roxanne
 33739 | D:15     | Found a staircase to the Depths.
 34085 | D:15     | Identified the +5 buckler of the Fisher {Dex+3} (You found
                  | it on level 15 of the Dungeon)
 34379 | D:15     | Identified a scroll of acquirement
 34379 | D:15     | Acquired a +0 hat of magic resistance
 34481 | Depths:1 | Entered Level 1 of the Depths
 35161 | Swamp:1  | Entered Level 1 of the Swamp
 36331 | Swamp:2  | Acquired the -2 hat of the Alchemist {rElec rPois rF+ rC+
                  | rN+ MR+ rMut rCorr}
 36332 | Swamp:2  | Found the -2 hat of the Alchemist {rElec rPois rF+ rC+ rN+
                  | MR+ rMut rCorr}
 37866 | Swamp:3  | Reached XP level 17. HP: 118/118 MP: 29/29
 38009 | Swamp:3  | Noticed Jorgrun
 38017 | Swamp:3  | Killed Jorgrun
 38237 | Swamp:3  | Reached skill level 17 in Invocations
 38449 | Swamp:3  | Acquired the ring "Pafil" {Wiz rElec}
 38933 | Swamp:3  | Learned a level 3 spell: Confusing Touch
 39100 | D:12     | Bought a book of Party Tricks for 750 gold pieces
 39107 | D:12     | Learned a level 6 spell: Invisibility
 39224 | Slime:1  | Entered Level 1 of the Pits of Slime
 39347 | Swamp:4  | Entered Level 4 of the Swamp
 39382 | Swamp:4  | Reached skill level 1 in Hexes
 40067 | Swamp:4  | Got a decaying rune of Zot
 40131 | Swamp:4  | Reached skill level 5 in Hexes
 40722 | Swamp:4  | Noticed Bai Suzhen
 41277 | Swamp:4  | Killed Bai Suzhen
 41277 | Swamp:4  | Reached skill level 1 in Spellcasting
 41820 | Snake:1  | Entered Level 1 of the Snake Pit
 42016 | Snake:1  | Reached XP level 18. HP: 124/124 MP: 30/30
 43240 | Snake:2  | Noticed Aizul
 43265 | Snake:2  | Killed Aizul
 45186 | Snake:4  | Entered Level 4 of the Snake Pit
 45793 | Snake:4  | Reached skill level 15 in Shields
 46464 | Snake:4  | HP: 1/124 [nagaraja/lance of force (29)]
 46464 | Snake:4  | Collided with a rock wall

Illustrated notes

Levels and vault maps discovered:
D:1:      ldierk_walled_garden_2, layout_basic, grunt_decor_mini_mirrors
D:2:      layout_basic, first_ration, minivault_27, uniq_natasha
D:3:      layout_loops_ring, nicolae_overflow_crystal_walls
D:4:      layout_cave_pools
D:5:      layout_loops_ring, serial_shops, shop
D:6:      layout_rooms, minmay_temple_entry_sparse_star, minmay_misc_feat_tiny,
          bh_walls_and_bars, uniq_grinder
D:7:      layout_basic, serial_shops, shop, shop, nicolae_shop_behind_doors,
          uniq_menkaure
D:8:      layout_loops_ring, serial_glass, glass_columns_b, glass_columns_c,
          gammafunk_ghost_hydra_chop, blue_anna_alchemist
          [blue_anna_fruit_fields, blue_anna_fruit_fields],
          nicolae_transmutations_shop, uniq_joseph, uniq_pikel, uniq_psyche,
          uniq_prince_ribbit1
D:9:      layout_irregular_city
D:10:     layout_basic, erik_lair_orcish_takeover, serial_shops,
          nicolae_shop_competitors_out_of_business,
          minmay_fractal_squares_gapless_7
D:11:     layout_rooms, orc_0_dummy, serial_shops, shop,
          david_defended_altar_orc
D:12:     layout_irregular_city, serial_shops, shop
D:13:     layout_basic, grunt_vaults_entry_fortified, uniq_urug
D:14:     layout_loops_ring, ashenzari_altar_1, gammafunk_ghost_split,
          minmay_microvault
D:15:     grunt_enter_depths_magical_seal, layout_gridville,
          ebering_dispersal_statue_hall, uniq_roxanne
Temple:   dpeg_three_leaves_temple
Lair:1:   layout_regular_city, grunt_megastairs_4
Lair:2:   layout_chaotic_city, basic_altar, grunt_forest_large_clearings,
          uniq_sonja
Lair:3:   layout_cave_pods, minmay_snake_entry_guardpost_small, st_stairs_8,
          uniq_snorg
Lair:4:   layout_loops_ring, minmay_swamp_entry_wisps, gauntlet_entry_generic,
          guppyfry_lair_drakes
Lair:5:   layout_regular_city, slime_altar_1
Lair:6:   minmay_lair_end_frog_pond, layout_layer_cave, special_room
          [special_room_bee], st_stairs_6, nicolae_lair_yak_garden
Swamp:1:  layout_basic_swamp, evilmike_swamp_ruin_house_3, swamp_pool1
Swamp:2:  layout_basic_swamp, evilmike_swamp_ruin_house_6
Swamp:3:  layout_basic_swamp, hangedman_swamp_ruin_wall,
          infiniplex_staircase_pool_2, uniq_jorgrun
Swamp:4:  swamp_vile, layout_basic_swamp, swamp_pool3, uniq_bai_suzhen
Snake:1:  layout_basic
Snake:2:  cheibrodos_snake_lava_hold, layout_misc_corridors, uniq_aizul
Snake:3:  layout_gridlike
Snake:4:  grunt_snake_rune_spirals, layout_onion_interference, drop_trap,
          uniq_vashnia
Slime:1:  layout_caves
Orc:1:    layout_caves, serial_shops, shop
Orc:2:    grunt_orc_gardens, layout_caves, grunt_orc_garden, grunt_orc_garden,
          grunt_orc_garden, grunt_orc_garden, serial_shops,
          nicolae_shop_temple_entry_statues_fountains,
          nicolae_volcano_entry_hallway
Depths:1: layout_gridville, kennysheep_pointless_box, hellmouth_1,
          chequers_big_river, tgw_xom

Skill      XL: |  1  2  3  4  5  6  7  8  9 10 11 12 13 14 15 16 17 18 |
---------------+-------------------------------------------------------+-----
Short Blades   | 3 4 5 6 8 10 11 | 11.3
Shields        | 1 2 4 5 9 12 13 15 | 15.0
Stealth        | 6 8 10 12 | 12.0
Dodging        | 2 5 8 9 10 11 12 13 | 13.1
Invocations    | 2 6 10 12 13 14 15 16 17 | 17.2
Fighting       | 3 4 7 9 10 11 | 11.6
Throwing       | 4 |  4.7
Evocations     | 1 5 |  5.0
Hexes          | 6 9 |  9.7
Spellcasting   | 2 4 |  4.0

Action                   |  1- 3 |  4- 6 |  7- 9 | 10-12 | 13-15 | 16-18 || total
-------------------------+-------+-------+-------+-------+-------+-------++-------
Melee: Dagger            |    41 |   136 |   212 |  1024 |  2328 |  1353 ||  5094
       Constrict         |    11 |    25 |    28 |    80 |   173 |    86 ||   403
       Tentacles         |     6 |    27 |    47 |   275 |   648 |   369 ||  1372
Throw: Dart              |       |    10 |       |     6 |    16 |       ||    32
 Cast: Confusing Touch   |       |       |       |       |       |     2 ||     2
Invok: Stomp             |       |       |       |       |     6 |       ||     6
       Grand Finale      |       |       |       |       |     4 |     3 ||     7
Evoke: Wand              |       |       |       |    13 |    36 |    10 ||    59
  Use: Scroll            |       |       |    10 |    12 |    11 |    16 ||    49
       Potion            |       |       |     5 |     7 |     9 |    10 ||    31
 Stab: Sleeping          |    13 |    19 |    22 |    36 |    31 |    62 ||   183
       Paralysed         |       |       |     3 |    50 |    99 |   103 ||   255
       Distracted        |       |       |     1 |     5 |     5 |    13 ||    24
       Invisible         |       |       |     2 |     1 |    10 |     1 ||    14
       Confused          |       |       |       |       |       |     3 ||     3
  Eat: Chunk             |     2 |     6 |    12 |    24 |    51 |    24 ||   119
       Ration            |       |       |       |     2 |     1 |     7 ||    10
Armor: Skin              |       |     9 |     2 |    32 |   173 |    91 ||   307
Dodge: Dodged            |    15 |    45 |    65 |   359 |  1001 |   560 ||  2045
Block: Buckler           |       |       |    23 |   107 |   281 |       ||   411
       Kite shield       |       |       |       |       |    80 |   546 ||   626
